[Event "*** Titled Tuesday Blitz"]
[Site "Chess.com"]
[Date "2018.11.06"]
[Round "5"]
[White "Aklanion"]
[Black "51616516516"]
[Result "1-0"]
[WhiteElo "2209"]
[BlackElo "2255"]
[TimeControl "180+2"]
[EndTime "14:09:01 PST"]
[Termination "Aklanion won by resignation"]

1. e4 c5 2. Nf3 g6 3. d4 cxd4 4. Nxd4 Nc6 5. c4 Nf6 6. f3 Bg7 7. Be3 O-O 8. Nc3 Qb6 9. Rb1 Qa5 10. Be2 Nh5 11. a3 d6 12. O-O Nf4 13. Re1 Nxd4 14. Bxd4 Nxe2+ 15. Rxe2 Be6 16. Bxg7 Kxg7 17. Qd4+ Kg8 18.
Re3 Rfc8 19. Nd5 Bxd5 20. exd5 Qc5 21. Qxc5 Rxc5 22. b3 Kf8 23. a4 a6 24. Ra1 b6 25.
Kf2 Rac8 26. Rd3 R8c7 27. g4 f6 28. h4 b5 29. cxb5 axb5 30. a5 b4 31. Ke3 Ra7 32. a6 Rb5 33. Rd4 Rb6 34. Ke4 Raxa6 35. Rxa6 Rxa6 36.
Rxb4 Ra1 37. Kf4 Rd1 38. Rb5 Rd3 39. Ke4 Rc3 40. Rb8+ Kf7 41. b4 Rb3 42. b5 Rb4+ 43. Ke3 f5 44. gxf5 gxf5 45. b6 f4+ 46. Kd3 Kf6 47.
Rf8+ Ke5 48. Rf7 Rxb6 49. Rxe7+ Kxd5 50. Rxh7 Rb3+ 51. Ke2 Re3+ 52. Kf2 Ke5 53. Re7+ Kd4 54.
Rxe3 fxe3+ 55. Ke2 Kc3 56. h5 d5 57. h6 d4 58. h7 d3+ 59. Kxe3 d2 60. h8=Q+ Kc2 61. Qc8+ 1-0

[Event "*** Titled Tuesday Blitz"]
[Site "Chess.com"]
[Date "2018.11.06"]
[Round "5"]
[White "sergeikim"]
[Black "ruvat"]
[Result "0-1"]
[WhiteElo "2458"]
[BlackElo "2318"]
[TimeControl "180+2"]
[EndTime "14:09:03 PST"]
[Termination "ruvat won by resignation"]

1. d4 d6 2. c4 e5 3. Nf3 e4 4. Ng5 Nf6 5. Nc3 Qe7 6. h4 h6 7. Nh3 g6 8. Nf4 c6 9. e3 Bg7 10. Be2 h5 11. b3 Bg4 12. Bb2 Bxe2 13. Qxe2 Na6 14. a3 Nc7 15. f3 O-O 16. O-O-O Rfe8 17. Rhe1 a6 18. fxe4 Nxe4 19. Nxe4 Qxe4 20. g4 hxg4 21.
Qxg4 Ne6 22. Bc3 Nxf4 23. exf4 Qf5 24. Qxf5 gxf5 25. Rg1 Kh7 26. Rg5 f6 27. Rxf5 Kg6 28.
Ra5 b5 29. Rg1+ Kf7 30. d5 cxd5 31. cxb5 axb5 32. Rxb5 Bh6 33. Bd2 Rxa3 34. Kb2 Ra7 35. Rxd5 Re2 36. Rxd6 Bxf4 37. Rd3 Rxd2+ 38. Rxd2 Bxd2 39.
Kc2 Bf4 40. Rd1 Ke6 41. Rd4 Kf5 42. b4 Rh7 43. b5 Rxh4 44. b6 Rh7 45. Rd5+ Be5 46.
Rc5 Rb7 47. Rc6 Ke4 48. Kb3 f5 49. Kc4 f4 50. Kc5 f3 51. Rc8 Bd4+ 52. Kc4 Bxb6 53. Re8+ Kf4 54. Rf8+ Kg3 55. Rg8+ Kh2 56. Kd3 f2 57.
Rf8 Re7 58. Kd2 Re1 59. Rh8+ Kg2 60. Rg8+ Kh3 61. Rh8+ Kg4 62. Rg8+ Kh5 63. Rh8+ Kg6 64.
Rf8 f1=Q 0-1

[Event "*** Titled Tuesday Blitz"]
[Site "Chess.com"]
[Date "2018.11.06"]
[Round "5"]
[White "m3alam"]
[Black "nochewycandy"]
[Result "0-1"]
[WhiteElo "2122"]
[BlackElo "2192"]
[TimeControl "180+2"]
[EndTime "14:09:07 PST"]
[Termination "nochewycandy won by resignation"]

1. d4 d5 2. Nf3 Nf6 3. c4 c6 4. Nc3 a6 5. c5 g6 6. Bf4 Nh5 7. Be5 Bg7 8. Bxg7 Nxg7 9. e4 dxe4 10. Nxe4 O-O 11. Bc4 Be6 12. Rc1 Bxc4 13. Rxc4 Nd7 14. Rb4 Rb8 15. O-O Ne6 16. Qd2 Kg7 17. Re1 Nc7 18. Qg5 Nd5 19. Rb3 h6 20. Qg3 N7f6 21. Ne5 Qa5 22. f4 Nxf4 23. Ra3 Qb4 24. Nxf6 exf6 25. Nf3 Qxb2 26. Rae3 Nd5 27. R3e2 Qc3 28. h4 h5 29. Qd6 Rbd8 30. Qg3 Rd7 31. Re8 Rxe8 32.
Rxe8 Qc1+ 33. Kh2 Qf4 34. Qxf4 Nxf4 35. Rb8 Ne6 36. Kg3 Nxd4 37. Nxd4 Rxd4 38. Rxb7 Rc4 39. Rb6 Rxc5 40. Rxa6 Rc4 41. a4 Rb4 42. a5 c5 43.
Rc6 c4 44. a6 Ra4 45. Kf2 c3 46. Ke3 Rxh4 47. Kd3 Ra4 48. Kxc3 f5 49. Kb3 Ra1 50.
Kb4 Kh6 51. Kb5 Kg5 52. Rc4 f4 53. Ra4 Rb1+ 54. Rb4 Ra1 55. Ra4 Rd1 56. a7 Rd8 57. a8=Q Rxa8 58. Rxa8 Kg4 59. Kc4 Kg3 60. Ra2 f5 61. Kd4 g5 62. Ke5 g4 63. Kxf5 h4 64.
Kg5 f3 65. gxf3 gxf3 66. Kh5 h3 67. Ra8 h2 68. Rg8+ Kf2 69. Kg4 h1=Q 0-1

[Event "*** Titled Tuesday Blitz"]
[Site "Chess.com"]
[Date "2018.11.06"]
[Round "5"]
[White "FairChess_on_YouTube"]
[Black "kuli4ik"]
[Result "0-1"]
[WhiteElo "2918"]
[BlackElo "2798"]
[TimeControl "180+2"]
[EndTime "14:09:12 PST"]
[Termination "kuli4ik won by resignation"]

1. d4 d5 2. Nf3 c6 3. Bf4 Bf5 4. e3 e6 5. Be2 h6 6. O-O Nf6 7. c4 Be7 8. Qb3 Qc8 9. Nc3 O-O 10.
Rac1 Nbd7 11. h3 Nb6 12. Nd2 Re8 13. Bh2 Bh7 14. a4 dxc4 15. Nxc4 Nxc4 16. Qxc4 a5 17.
f3 Nd5 18. Nd1 Qd7 19. Kh1 Red8 20. e4 Nb4 21. Bg1 Rac8 22. Nc3 Bg5 23. Rcd1 Bf4 24. Na2 Nxa2 25. Qxa2 Qc7 26. Bc4 Kh8 27. Qb3 Rd7 28. Rd3 Qd8 29. Rfd1 Bg6 30. Qc3 Kh7 31. Be3 Bd6 32.
Qb3 Bb4 33. Bd2 Bxd2 34. R3xd2 Qc7 35. Qe3 Rcd8 36. b3 Qb6 37. Qc3 Qa7 38. Be2 Qb6 39.
Bc4 Qa7 40. Be2 Qb6 41. Rd3 Qa7 42. Kh2 Qb6 43. Kh1 Qa7 44. Bf1 Qb6 45. R3d2 Kg8 46. Bc4 Kh7 47. Kh2 Kg8 48. Kg3 Kh7 49. Be2 Qa7 50.
Kh2 Qb6 51. Kh1 Kg8 52. Rd3 Kh7 53. Kg1 Rxd4 54. Rxd4 e5 55. Kf1 Rxd4 56. Rxd4 exd4 57. Qc4 Qb4 58. Qxb4 axb4 59. a5 f5 60. e5 Bf7 61.
Bd1 f4 62. Ke1 Bd5 63. Kd2 c5 64. Bc2+ g6 65. Bd3 Kg7 66. Bb5 Kf7 67. Bd7 g5 68.
Kd3 Ke7 69. Bc8 Kd8 70. Bf5 Kc7 71. Be4 Bxb3 72. Bf5 Bd5 73. e6 Kd6 0-1

[Event "*** Titled Tuesday Blitz"]
[Site "Chess.com"]
[Date "2018.11.06"]
[Round "5"]
[White "mishanick"]
[Black "AlexTriapishko"]
[Result "1-0"]
[WhiteElo "2929"]
[BlackElo "2766"]
[TimeControl "180+2"]
[EndTime "14:09:12 PST"]
[Termination "mishanick won by resignation"]

1. d4 d5 2. c4 e6 3. Nf3 a6 4.
cxd5 exd5 5. Nc3 Nf6 6. Bg5 Be6 7. e3 Nbd7 8. Bd3 h6 9. Bh4 g5 10. Bg3 Nh5 11. Be5 Ng7 12. Bg3 Nh5 13. Be5 Ng7 14.
h3 Nxe5 15. Nxe5 Bd6 16. O-O Bxe5 17. dxe5 g4 18. hxg4 h5 19. g5 Qxg5 20. f4 Qg3 21. Rf3 Qg4 22. Qa4+ Bd7 23. Qb3 c6 24. Qxb7 O-O 25.
Ne2 Rab8 26. Qc7 h4 27. b3 Rbc8 28. Qd6 Bf5 29. Bxf5 Nxf5 30. Qf6 Rfe8 31. Nd4 Nxd4 32. exd4 Re6 33. Qg5+ Qxg5 34. fxg5 c5 35. Rc1 Rec6 36. Rf6 c4 37. Rxc6 Rxc6 38. Kf2 Kg7 39. bxc4 dxc4 40. Ke3 c3 41. Kd3 Rg6 42. Rxc3 Rxg5 43. Rc2 Kg6 44.
Ke4 Rg4+ 45. Kd5 a5 46. a4 Kg7 47. Rf2 Kg6 48. Kc5 Re4 49. Kd5 Rg4 50. Rb2 Rf4 51. Kc5 Re4 52. Rf2 Kg7 53. Kd5 Rg4 54. Rc2 Kg6 55.
Rc6+ Kg7 56. Rc7 Kg6 57. Rc2 Rf4 58. Kc5 Re4 59. Rd2 Kg7 60. Kc6 Kf8 61. Kd7 Kg7 62. d5 Rxe5 63. d6 Kf8 64. Kd8 Re4 65. d7 Rc4 66. Rd5 Kg7 67. Ke7 Re4+ 68. Kd6 Re6+ 69. Kc5 1-0

[Event "*** Titled Tuesday Blitz"]
[Site "Chess.com"]
[Date "2018.11.06"]
[Round "5"]
[White "joppie2"]
[Black "penguingm1"]
[Result "1-0"]
[WhiteElo "2693"]
[BlackElo "2821"]
[TimeControl "180+2"]
[EndTime "14:09:15 PST"]
[Termination "joppie2 won by resignation"]

1. e4 e5 2. Nf3 Nc6 3. Bc4 Bc5 4.
c3 Nf6 5. d3 a6 6. a4 d6 7. O-O O-O 8. h3 Be6 9. Bxe6 fxe6 10.
b4 Ba7 11. Re1 Nh5 12. Be3 Nf4 13. Bxa7 Rxa7 14. Na3 Qf6 15. Kh2 Nxh3 16. Kxh3 Qh6+ 17. Kg3 Qf4+ 18. Kh3 g5 19. Nxg5 Qxg5 20. f3 Rf6 21.
Kh2 Ra8 22. Nc4 Raf8 23. Ne3 Rf4 24. Ra2 R8f6 25. Ng4 Rg6 26. g3 Rf7 27. Rg2 h5 28. Nf2 Ne7 29. Nh3 Qh6 30. Rf1 Rgg7 31. Qd2 Qg6 32. d4 Qf6 33. dxe5 Qxe5 34. Qd4 Qxd4 35.
cxd4 Nc6 36. Rd2 Nxb4 37. Nf4 h4 38. Nxe6 hxg3+ 39. Kg2 Rg6 40. d5 Rh7 41. Rh1 Rxh1 42. Kxh1 c5 43. dxc6 Nxc6 44. Rxd6 g2+ 45. Kg1 Ne5 46.
Rd8+ Kf7 47. Nd4 Ke7 48. Rd5 Nf7 49. Nf5+ Ke6 50. Nh4 Rg8 51. Nxg2 Ne5 52. Kf2 Rc8 53. Nf4+ Kf6 54. Rd6+ Kf7 55. Rb6 Rc2+ 56. Ke3 Nc4+ 57. Kd3 Nxb6 58. Kxc2 Nxa4 59. Nd5 Ke6 60. Kd3 Nc5+ 61.
Kd4 Nb3+ 62. Kc3 Nc5 63. Kd4 Nb3+ 64. Kc3 Nc5 65. Kc4 Nd7 66. f4 Kd6 67. Kd4 a5 68. e5+ Ke6 69. Ne3 a4 70. f5+ Ke7 71. Nd5+ Kd8 72.
e6 Nb8 73. f6 Nc6+ 74. Kc5 Ke8 75. f7+ Kf8 76. Nf6 1-0

[Event "*** Titled Tuesday Blitz"]
[Site "Chess.com"]
[Date "2018.11.06"]
[Round "5"]
[White "saraswathii"]
[Black "IvanRadivojevic"]
[Result "1/2-1/2"]
[WhiteElo "2276"]
[BlackElo "2399"]
[TimeControl "180+2"]
[EndTime "14:09:17 PST"]
[Termination "Game drawn by stalemate"]

1. d4 Nf6 2. Bf4 e6 3. e3 b6 4. c4 Bb7 5. Nf3 Bb4+ 6. Nc3 Ne4 7. Qb3 Nxc3 8. Qxb4 Ne4 9. Bd3 d6 10. O-O O-O 11.
a4 Qe7 12. a5 c5 13. Qb3 e5 14. dxe5 dxe5 15. Bxe4 exf4 16. Bxb7 Qxb7 17. exf4 Nc6 18.
axb6 axb6 19. h3 Qc7 20. g3 Rad8 21. Ra6 Nb4 22. Ra3 Rd3 23. Qa4 Qb7 24. Ne5 Rd2 25. Qb3 f6 26. Ng4 Rfd8 27. Re1 h5 28. Ne3 Qf3 29.
Rf1 R8d3 30. Qa4 Rxf2 31. Rxf2 Qxe3 32. Qa8+ Kh7 33. Rxd3 Nxd3 34. Qf3 Qxf2+ 35. Qxf2 Nxf2 36. Kxf2 Kg6 37. g4 hxg4 38. hxg4 f5 39. Kf3 Kf6 40. b3 Ke6 41. Kg3 Kf6 42. Kh4 fxg4 43. Kxg4 g6 44.
Kg3 Kf5 45. Kf3 Kf6 46. Kg4 Kf7 47. Kg5 Kg7 48. f5 gxf5 49. Kxf5 Kf7 50. Ke5 Ke7 51.
Kd5 Kd7 52. Ke5 Ke7 53. Kf4 Kf6 54. Ke4 Ke6 55. Kd3 Kf5 56. Kc3 Ke4 57. b4 Ke3 58.
bxc5 bxc5 59. Kc2 Kd4 60. Kb3 Kd3 61. Kb2 Kd4 62. Kb3 Kd3 63. Kb2 Kxc4 64. Kc2 Kd4 65. Kd2 c4 66. Kc2 c3 67. Kc1 Kd3 68. Kd1 c2+ 69.
Kc1 Kc3 1/2-1/2

[Event "*** Titled Tuesday Blitz"]
[Site "Chess.com"]
[Date "2018.11.06"]
[Round "5"]
[White "Barcelona_Guy"]
[Black "woodhy"]
[Result "1-0"]
[WhiteElo "2481"]
[BlackElo "2424"]
[TimeControl "180+2"]
[EndTime "14:09:19 PST"]
[Termination "Barcelona_Guy won by checkmate"]

1. d4 Nf6 2. c4 e6 3. Nc3 Bb4 4. e3 b6 5. Nf3 Bb7 6. Bd2 O-O 7.
Bd3 d5 8. cxd5 Nxd5 9. O-O Be7 10. Rc1 Nd7 11. Nxd5 Bxd5 12. e4 Bb7 13. b4 a5 14.
b5 Nc5 15. dxc5 Qxd3 16. c6 Bc8 17. Qa4 e5 18. Be3 f6 19. Rfd1 Qa3 20. Qc4+ Kh8 21. Rd3 Qb4 22. Nd2 Qxc4 23. Nxc4 Be6 24. Kf1 Bxc4 25. Rxc4 Rfd8 26. Ke2 Rxd3 27. Kxd3 Rd8+ 28. Ke2 Kg8 29. Rc3 Kf7 30. g3 Ke6 31. f4 exf4 32.
gxf4 g6 33. h4 f5 34. exf5+ Kxf5 35. Bf2 Bd6 36. Rd3 Re8+ 37. Kf3 Re6 38. Rd5+ Kf6 39. Bd4+ Kf7 40. h5 Ke7 41. a4 Re1 42. hxg6 hxg6 43. Rg5 Kf7 44. Rg4 Rd1 45. Ke4 Re1+ 46. Kd5 Rd1 47.
Ke4 Re1+ 48. Kd3 Rf1 49. Ke3 Re1+ 50. Kf3 Rd1 51. Be3 Ra1 52. Rh4 Rxa4 53. Rh7+ Ke6 54. Rg7 Kf6 55. Rd7 Ra3 56. Ke4 Ra4+ 57. Kd5 Rb4 58.
Bd4+ Kf5 59. Rxd6 Rxb5+ 60. Kc4 Rb4+ 61. Kd3 Kxf4 62. Rd7 Kf5 63. Rxc7 Ke6 64. Rd7 a4 65. Rd8 Rb3+ 66. Bc3 b5 67. c7 b4 68. c8=Q+ Kf7 69.
Qd7# 1-0

[Event "*** Titled Tuesday Blitz"]
[Site "Chess.com"]
[Date "2018.11.06"]
[Round "5"]
[White "Muisback26"]
[Black "TST2014"]
[Result "1/2-1/2"]
[WhiteElo "2798"]
[BlackElo "2498"]
[TimeControl "180+2"]
[EndTime "14:09:24 PST"]
[Termination "Game drawn by repetition"]

1. e4 c5 2. Nf3 Nc6 3. d4 cxd4 4. Nxd4 Nf6 5. Nc3 d6 6. Bg5 e6 7. Qd2 a6 8. O-O-O Bd7 9. f4 h6 10. Bh4 g5 11. fxg5 Ng4 12. Nf3 hxg5 13. Bxg5 f6 14. Bf4 e5 15. Bg3 Bh6 16. Nd5 Bxd2+ 17. Rxd2 f5 18.
exf5 Bxf5 19. Bc4 Qa5 20. Re1 O-O-O 21. h3 Nh6 22. Bf2 Nd4 23. Nxd4 exd4 24. Bxd4 Rhe8 25. Red1 b5 26. Bb3 b4 27. g4 Be4 28. Nf6 Re7 29.
Be3 Bf3 30. Bxh6 Bxd1 31. Rxd1 Qe5 32. Nd5 Rh7 33. Bf4 Qe4 34. Bg5 Rf8 35. Nb6+ Kc7 36. Nd5+ Kb8 37. c3 Rxh3 38. Nxb4 Qxg4 39. Be7 Rfh8 40.
Bxd6+ Kc8 41. Bd5 a5 42. Nc6 Qg5+ 43. Kc2 Qg6+ 44. Kb3 Qxd6 45. Nxa5 Qb8+ 46. Ka4 Qa7 47. Be6+ Kc7 48. Rd7+ Kb6 49. Rd6+ Kc7 50. Rd7+ Kb6 51.
Rxa7 Kxa7 52. Nc6+ Kb6 53. Nd4 R3h4 54. Kb3 Re8 55.
Bc4 Rc8 56. a3 Rd8 57. Nc2 Rd2 58. Bf7 Rhh2 59. Bg6 Rhg2 60. Be4 Rge2 61. Bf5 Rf2 62. Bg6 Rg2 63. Be4 Rge2 64. Bh7 Rh2 65. Bf5 Rhf2 66. Be4 Rfe2 67. Bg6 Rg2 68. Bf5 Rgf2 69. Be4 Rfe2 70. Bg6 Rg2 71. Bh7 Rh2 72. Bf5 Rhf2 73. Be4 Rfe2 1/2-1/2

[Event "*** Titled Tuesday Blitz"]
[Site "Chess.com"]
[Date "2018.11.06"]
[Round "5"]
[White "Fy_Rakotomaharo"]
[Black "florianschwabeneder"]
[Result "1-0"]
[WhiteElo "2401"]
[BlackElo "2477"]
[TimeControl "180+2"]
[EndTime "14:10:10 PST"]
[Termination "Fy_Rakotomaharo won on time"]

1. e4 c5 2. Nf3 d6 3. d4 cxd4 4. Nxd4 Nf6 5. Nc3 Nc6 6. Bg5 e6 7. Qd2 a6 8. O-O-O Bd7 9. f4 Qb6 10. Bxf6 gxf6 11. Be2 Nxd4 12. Qxd4 Qxd4 13. Rxd4 Rc8 14.
Rd3 h5 15. Rf1 b5 16. a3 h4 17. Rh3 Rc5 18. Kd2 Ke7 19. g3 Bg7 20. Rxh4 Rxh4 21. gxh4 f5 22. exf5 Rxf5 23. Bg4 Rc5 24. Nd1 Bh6 25.
Ne3 f5 26. Bh3 Rc8 27. Bg2 Rg8 28. b4 Bg7 29. Bb7 Bf6 30. h5 Rb8 31. Bf3 Rg8 32. c4 bxc4 33. Nxc4 Bb5 34. Rc1 e5 35. Bd5 Rh8 36. Nb6 Rxh5 37. Rc7+ Kd8 38. Rc8+ Ke7 39. Rc7+ Kd8 40. Rc8+ Ke7 41. a4 Rxh2+ 42. Kc1 Bd3 43. Rc7+ Kd8 44. Rc8+ Ke7 45. Rc7+ Ke8 46. Bc6+ Kf8 47.
Nd7+ Kg7 48. Nxe5+ Kh6 49. Nxd3 Bd4 50. b5 axb5 51.
axb5 Ra2 52. Rd7 Kh5 53. Rxd6 Be3+ 54. Kb1 Ra7 55. Re6 Bd4 56. Bf3+ Kh4 57. Rg6 Ra5 58. Bc6 Ra3 59. Kc2 Rc3+ 60. Kd2 Rb3 61. Ne5 Be3+ 62. Kc2 Rb4 63. Nd3 Rd4 64. Kc3 Rd8 65. Rg2 Bd4+ 66.
Kc4 Be3 67. Rg6 Rd4+ 68. Kc3 Rd8 69. Bf3 Rb8 70. Kc4 Rd8 71. Nc5 Rd4+ 72. Kc3 Rxf4 73. b6 Bxc5 74. Bd5 Rb4 75. b7 1-0

[Event "*** Titled Tuesday Blitz"]
[Site "Chess.com"]
[Date "2018.11.06"]
[Round "5"]
[White "severomorskij"]
[Black "Gr3egor"]
[Result "0-1"]
[WhiteElo "2698"]
[BlackElo "2492"]
[TimeControl "180+2"]
[EndTime "14:10:12 PST"]
[Termination "Gr3egor won by resignation"]

1. d4 Nf6 2. Bg5 d5 3. Nd2 Bf5 4. Bxf6 exf6 5. e3 c6 6. c4 Qb6 7. Qb3 Nd7 8. cxd5 cxd5 9. Bb5 Bd6 10. Qxd5 Be6 11. Qh5 O-O 12. Qe2 a6 13. Bxd7 Bxd7 14. Ngf3 Qxb2 15. Rb1 Qxa2 16. O-O Bb5 17. Rxb5 axb5 18.
Qxb5 Qa6 19. Qd5 Rfd8 20. Qb3 b5 21. g3 Qa4 22. Qd3 Rdc8 23. Rb1 b4 24. Nc4 Qa6 25. Nfd2 Bf8 26. Qb3 Qa2 27. Kf1 Qxb3 28. Rxb3 Ra2 29. Ke1 Rc2 30. Nb6 R8c3 31. Rb1 Rc1+ 32. Rxc1 Rxc1+ 33. Ke2 Rc3 34. Kd1 f5 35. Nb1 Rc6 36. Nd5 f6 37.
Nd2 Kf7 38. Nf4 g5 39. Nd3 Rc3 40. Nb2 Ke6 41. Ndc4 Kd5 42. Nb6+ Ke4 43. N6c4 Kf3 44. d5 Ke4 45. d6 Kd5 46. d7 Be7 47. Nb6+ Kc6 48.
N2a4 Ra3 49. Kc2 Bd8 50. h3 h5 51. Kb2 Rd3 52. Kc2 Rd6 53. Nc4 Rd5 54. Kb3 Rxd7 55. Kxb4 Rd3 56. Nab2 Rd5 57. Kc3 Ba5+ 58. Kc2 Be1 59. Nd3 Rxd3 60. Kxd3 Bxf2 61. e4 Bxg3 62. exf5 Kd5 63. Nb6+ Ke5 64. Ke3 Kxf5 65. Nd5 Be5 66. Kf3 g4+ 67. hxg4+ hxg4+ 68. Kg2 Ke4 69. Ne7 f5 70.
Ng6 f4 71. Nh4 Bf6 72. Ng6 Bg5 73. Kf2 Kf5 74. Nf8 Be7 75. Nd7 Ke4 76. Kg2 f3+ 77.
Kg3 Bd6+ 78. Kf2 g3+ 79. Kf1 Ke3 80. Nf6 Bc5 81. Ng4+ Kf4 82. Nf2 g2+ 83. Kg1 Bxf2+ 84. Kxf2 Ke4 85. Kg1 Ke3 86. Kh2 Ke2 87. Kg1 f2+ 88.
Kxg2 f1=Q+ 0-1

[Event "*** Titled Tuesday Blitz"]
[Site "Chess.com"]
[Date "2018.11.06"]
[Round "5"]
[White "Bryakin_Mikhail"]
[Black "champ2005"]
[Result "1-0"]
[WhiteElo "2703"]
[BlackElo "2749"]
[TimeControl "180+2"]
[EndTime "14:10:28 PST"]
[Termination "Bryakin_Mikhail won by resignation"]

1. d4 Nf6 2. c4 e6 3. Nf3 d5 4. g3 dxc4 5. Bg2 Bd7 6. Ne5 Bc6 7.
Nxc6 Nxc6 8. e3 Qd7 9. Qe2 O-O-O 10. Qxc4 Nd5 11. Nc3 h5 12. h4 Kb8 13. Nxd5 exd5 14.
Qd3 Bb4+ 15. Bd2 Qe7 16. O-O-O Bxd2+ 17. Rxd2 Na5 18. Rc2 Nc4 19. Bxd5 Nxe3 20. Qxe3 Qxe3+ 21. fxe3 Rxd5 22. Rf1 f6 23. Kd2 Rh6 24. Kd3 Rg6 25.
Rf3 Rg4 26. Rg2 c6 27. Rf4 Rg6 28. a3 Kc7 29. Ke4 Kd7 30. Kf3 Ke7 31. Re4+ Kf7 32.
b4 a5 33. bxa5 Rxa5 34. Rb2 Ra7 35. Rf4 Ke6 36. Re4+ Kd7 37. Rf4 Kc7 38. Rb3 Ra5 39. Re4 b5 40. Re7+ Kd6 41. Rf7 Ra8 42. Rc3 Rg4 43.
Rb7 g5 44. Rf7 Ke6 45. Rh7 gxh4 46. Rxc6+ Kd5 47. Rc5+ Kd6 48. gxh4 Rxh4 49. Rxb5 Ke6 50. Rbxh5 Rxh5 51. Rxh5 Rxa3 52. Rb5 Ra1 53. Ke4 Rd1 54.
Rb6+ Kf7 55. Kd5 Re1 56. e4 Rd1 57. Rb7+ Kg6 58. e5 fxe5 59. Kxe5 Re1+ 60. Kd6 Kf6 61. d5 Rd1 62. Rb8 Kf7 63. Ra8 Rd2 64. Rc8 Rd1 65.
Rh8 Rd2 66. Ra8 Rd1 67. Rb8 Rd2 68. Rd8 Rd1 69. Rh8 Rd2 70. Rh3 Rd1 71. Re3 Rd2 72.
Kc6 Rc2+ 73. Kd7 Ra2 74. d6 Ra7+ 75. Kc6 Ra6+ 76. Kc7 Ra7+ 77. Kb6 Ra1 78. d7 Rd1 79. Kc7 Rc1+ 80. Kd8 Rd1 81. Re4 Rc1 82. Rf4+ Kg7 83. Ke7 Re1+ 84. Kd6 Rd1+ 85. Ke6 Kg6 86. Rg4+ Kh5 87.
Rg8 Re1+ 88. Kf5 Rf1+ 89. Ke4 Re1+ 90. Kf3 Rf1+ 91. Ke2 1-0

[Event "*** Titled Tuesday Blitz"]
[Site "Chess.com"]
[Date "2018.11.06"]
[Round "5"]
[White "Makalexa"]
[Black "narutosmith"]
[Result "1/2-1/2"]
[WhiteElo "2126"]
[BlackElo "2196"]
[TimeControl "180+2"]
[EndTime "14:11:07 PST"]
[Termination "Game drawn - insufficient material"]

1. e4 c5 2. Nf3 e6 3. d4 cxd4 4.
Nxd4 Nc6 5. Nc3 Qc7 6. Ndb5 Qb8 7.
Be3 Nf6 8. Bd3 a6 9. Bb6 axb5 10. Nxb5 Bd6 11. Nxd6+ Qxd6 12. O-O O-O 13. Kh1 Ne5 14. Be3 Nxd3 15. cxd3 Qb4 16. f4 d6 17.
g4 e5 18. f5 h5 19. gxh5 d5 20. Rc1 Rd8 21. a3 Qxb2 22. Rc2 Qb5 23. Qf3 Qxd3 24. Rg2 Qxe4 25. Qg3 Ne8 26. h6 Bxf5 27. hxg7 Bg6 28. Bg5 Rd6 29. Be7 Re6 30. Bf8 Nxg7 31. Bxg7 Kxg7 32.
Kg1 Rh8 33. Rgf2 Qd4 34. Qb3 Rh4 35. h3 Rh5 36. Kh2 Rg5 37. Qf3 f5 38. Rg2 Rxg2+ 39. Qxg2 f4 40. Qg4 Kf7 41. h4 Be4 42. h5 Rf6 43. Qd7+ Kg8 44. Rg1+ Kf8 45. Qd8+ Kf7 46. Qd7+ Kf8 47. Qd8+ Kf7 48. Qg8+ Ke7 49. Rg7+ Kd6 50. Qd8+ Kc5 51. Rc7+ Kb5 52. Rxb7+ Rb6 53. Qd7+ Kc4 54. Qa4+ Kd3 55. Qd1+ Ke3 56. Qg1+ Kf3 57. Qg2+ Ke3 58. Qg1+ Kd3 59. Qxd4+ Kxd4 60. Rxb6 f3 61. h6 Ke3 62. Rb3+ Ke2 63. Rb2+ Ke1 64. Kg3 d4 65. a4 d3 66. a5 d2 67. Rxd2 Kxd2 68. Kf2 Kd3 69. a6 Ba8 70. h7 e4 71. h8=Q e3+ 72. Kg3 f2 73. Qxa8 f1=Q 74. Qd5+ Kc2 75. Qe4+ Kd2 76.
Qd4+ Qd3 77. Qxd3+ Kxd3 78. a7 e2 79. a8=Q e1=Q+ 80. Kg2 Qe2+ 81. Kg3 Qe5+ 82. Kg2 Qg5+ 83. Kh2 Qh4+ 84.
Kg2 Qg5+ 85. Kf2 Qd2+ 86. Kg3 Qe1+ 87. Kh2 Qh4+ 88. Kg2 Qg4+ 89. Kh2 Qe2+ 90. Qg2 Qxg2+ 91. Kxg2 1/2-1/2

[Event "*** Titled Tuesday Blitz"]
[Site "Chess.com"]
[Date "2018.11.06"]
[Round "5"]
[White "murmah2003"]
[Black "pultineviciuspaulius"]
[Result "0-1"]
[WhiteElo "2496"]
[BlackElo "2580"]
[TimeControl "180+2"]
[EndTime "14:12:19 PST"]
[Termination "pultineviciuspaulius won by resignation"]

1. d4 Nf6 2. c4 g6 3. Nc3 d5 4. Bg5 Bg7 5. Bxf6 Bxf6 6. cxd5 c5 7. dxc5 Nd7 8. e3 O-O 9. Bc4 Qa5 10. Ne2 Nxc5 11. O-O Qb4 12. Bb3 Rd8 13. Nd4 Bxd4 14. Qxd4 Qxd4 15. exd4 Nxb3 16. axb3 e6 17. Rfe1 exd5 18.
Re7 Kf8 19. Rc7 Rd7 20. Rc5 Rd6 21. Nb5 Rc6 22. Nc7 Rb8 23. Nxd5 Be6 24. Nc3 Rd8 25. Rxc6 bxc6 26. Rxa7 Rxd4 27. h3 Rd2 28. Rc7 Rxb2 29. Rxc6 Rxb3 30. Ne4 Bd5 31. Rc8+ Ke7 32. Ng3 h6 33.
Rc1 h5 34. Re1+ Kd6 35. Ne2 Rb4 36. Rd1 Ke5 37. Nc3 Bc6 38. Re1+ Kf6 39. Rd1 Rc4 40. Ne2 Ke5 41. Re1 h4 42. Nc1+ Kf5 43. Nd3 Be4 44. Nb2 Rd4 45. Nd1 g5 46. Ne3+ Kg6 47.
Ra1 f5 48. Ra6+ Kf7 49. f3 Bd3 50. Ra5 Kg6 51. Rc5 Ra4 52. Rc6+ Kf7 53. Nd5 Ra1+ 54.
Kh2 f4 55. Rf6+ Kg7 56. Rd6 Bf1 57. Nc3 Ra3 58. Ne4 Ra2 59. Rd2 Rxd2 60. Nxd2 Bd3 61. Kg1 Kf6 62. Kf2 Ke5 63. Nb3 Bc4 64. Nc5 Kf5 65. Ne4 Bd5 66. Nc3 Bc6 67. Ke1 Ke5 68. Kd2 Kd4 69. Ne2+ Kc4 70. Ke1 Kd3 71. Kf2 Bd5 72.
Nc1+ Kd2 73. Ne2 Kd3 74. Nc1+ Kd4 75. Ne2+ Ke5 76. Nc3 Bc6 77. Na2 Kd4 78. Nc1 Ba4 79. Ne2+ Kd3 80. Nc1+ Kc4 81. Ne2 Bd1 82. Nc1 Kc3 83.
Na2+ Kb3 84. Nc1+ Kc4 85. Ke1 Ba4 86. Kd2 Bc6 87. Nd3 Kd4 88. Nb4 Bb7 89. Nc2+ Ke5 90. Ne1 Ba6 91. Nd3+ Kd4 92. Nf2 Bf1 93. Ne4 g4 94.
hxg4 Bxg2 95. Ng5 h3 96. Nxh3 Bxh3 97. Ke2 Ke5 98. Kf2 Kf6 99. Ke2 Kg5 100. Ke1 Kh4 101. Kf2 Kg5 102. Kg1 Kg6 103. Kf2 Kf6 104. Ke1 Ke5 105. Ke2 Kd4 106. Kf2 Kd3 107. Kg1 Ke3 108. Kh2 Bf1 109. g5 Kxf3 110. g6 Bc4 111. g7 Be6 112. Kg1 Kg3 113.
Kf1 f3 114. Ke1 f2+ 0-1

[Event "*** Titled Tuesday Blitz"]
[Site "Chess.com"]
[Date "2018.11.06"]
[Round "6"]
[White "sergiochess83"]
[Black "nubair1198"]
[Result "0-1"]
[WhiteElo "2759"]
[BlackElo "2574"]
[TimeControl "180+2"]
[EndTime "14:14:54 PST"]
[Termination "nubair1198 won by resignation"]

1. e4 c6 2. d4 d5 3. e5 c5 4. dxc5 e6 5. Be3 Nd7 6. Bb5 Ne7 7. f4 Nf5 8. Bf2 Qa5+ 9. Nc3 a6 10. Bxd7+ Bxd7 11. g4 d4 12. gxf5 dxc3 13. fxe6 cxb2+ 0-1

[Event "*** Titled Tuesday Blitz"]
[Site "Chess.com"]
[Date "2018.11.06"]
[Round "6"]
[White "GadimbayliA"]
[Black "Firouzja2003"]
[Result "1-0"]
[WhiteElo "2665"]
[BlackElo "2926"]
[TimeControl "180+2"]
[EndTime "14:15:34 PST"]
[Termination "GadimbayliA won by resignation"]

1. e4 c5 2. Nf3 d6 3. d4 cxd4 4. Nxd4 Nf6 5. Nc3 Nc6 6. Bb5 Bd7 7. Bg5 e6 8. O-O Be7 9. Bxc6 bxc6 10. e5 dxe5 11.
Nf3 e4 12. Bxf6 gxf6 13. Nxe4 Qc7 14. Qd4 e5 15. Qc3 Rg8 16. Rfd1 Be6 17. Ng3 Rb8 18. a3 Bd5 19. Rxd5 Qc8 20. Rd2 Kf8 21. Rad1 Rg6 22. Rd7 1-0

[Event "*** Titled Tuesday Blitz"]
[Site "Chess.com"]
[Date "2018.11.06"]
[Round "6"]
[White "DanielNaroditsky"]
[Black "Aklanion"]
[Result "1-0"]
[WhiteElo "2966"]
[BlackElo "2209"]
[TimeControl "180+2"]
[EndTime "14:15:58 PST"]
[Termination "DanielNaroditsky won by resignation"]

1. Nf3 Nf6 2. c4 g6 3. Nc3 Bg7 4. e4 d6 5. d4 O-O 6. Be2 e5 7. O-O Nc6 8. d5 Ne7 9. Qc2 Nh5 10. Rd1 f5 11. Ng5 Nf6 12. Ne6 Bxe6 13. dxe6 fxe4 14.
Nxe4 Nxe4 15. Qxe4 c6 16. Bg5 Bf6 17. Bxf6 Rxf6 18.
c5 Rf4 19. Qe3 Nd5 20. Qb3 Rb4 21. Qa3 dxc5 22. Rac1 Qe7 23. Bc4 1-0

[Event "*** Titled Tuesday Blitz"]
[Site "Chess.com"]
[Date "2018.11.06"]
[Round "6"]
[White "bascheyaro"]
[Black "lucasmito"]
[Result "1-0"]
[WhiteElo "2719"]
[BlackElo "2476"]
[TimeControl "180+2"]
[EndTime "14:15:59 PST"]
[Termination "bascheyaro won by resignation"]

1. d4 Nf6 2. Nf3 g6 3. c4 Bg7 4. Nc3 d5 5. Bf4 O-O 6. c5 b6 7. b4 a5 8. cxb6 cxb6 9. bxa5 Rxa5 10. Bxb8 Bg4 11. Be5 Qc8 12. Qb3 Qc6 13. e3 Rfa8 14. Bb5 Qc8 15. a4 Bxf3 16. gxf3 Qh3 17. Ke2 R5a7 18. Bxf6 Bxf6 19. Nxd5 Rc8 20. Nxf6+ exf6 21. Rac1 Rxc1 22. Rxc1 Qxh2 23. Qd5 h5 24. Rc8+ Kg7 25.
Qd8 Kh6 26. f4 g5 27. Qxf6+ 1-0

[Event "*** Titled Tuesday Blitz"]
[Site "Chess.com"]
[Date "2018.11.06"]
[Round "6"]
[White "pastouche06"]
[Black "Superfelix"]
[Result "1-0"]
[WhiteElo "2448"]
[BlackElo "2408"]
[TimeControl "180+2"]
[EndTime "14:15:59 PST"]
[Termination "pastouche06 won by resignation"]

1. d4 g6 2. c4 Bg7 3. Nc3 d6 4. e4 Nc6 5. Nge2 e5 6. Be3 exd4 7. Nxd4 Nge7 8. h4 h5 9. Be2 O-O 10. Qd2 f5 11. Nxc6 bxc6 12. Bh6 Rb8 13. Bxg7 Kxg7 14. O-O-O fxe4 15. Nxe4 Bf5 16. Qd4+ Kh6 17. Bd3 Bxe4 18. Qxe4 Nf5 19. g4 Qf6 20. g5+ 1-0